 Dungeon Crawl Stone Soup version 0.24.0-29-g8ce449bc06 (webtiles) character file.

Game seed: 18343934203952192073, levelgen mode: deterministic

3836 Flugslaktarn the Cleaver (level 9, 0/83 HPs)
             Began as a Minotaur Monk on Nov 15, 2019.
             Was an Initiate of Gozag.
             Killed from afar by an electric eel (11 damage)
             ... with a bolt of electricity
             ... on level 8 of the Dungeon.
             The game lasted 00:05:00 (9005 turns).

Flugslaktarn the Cleaver (Minotaur Monk)            Turns: 9005, Time: 00:05:00

Health: 0/83       AC: 15    Str: 18    XL:     9   Next: 98%
Magic:  9/9        EV:  9    Int:  7    God:    Gozag
Gold:   1213       SH:  0    Dex: 14    Spells: 8/8 levels left

rFire    + . .     SeeInvis .   a - +0 hand axe
rCold    . . .     Gourm    .   (no shield)
rNeg     . . .     Faith    .   v - +0 chain mail
rPois    .         Spirit   .   (helmet restricted)
rElec    .         Reflect  .   (no cloak)
rCorr    .         Harm     .   y - +2 pair of gloves
MR       .....                  b - +0 pair of boots
Stlth    ..........             (no amulet)
HPRegen  0.23/turn              (no ring)
MPRegen  0.11/turn              f - ring of protection from fire

@: gold aura
A: retaliatory headbutt, horns 2
a: Potion Petition, Call Merchant, Bribe Branch, Renounce Religion


You were on level 8 of the Dungeon.
You worshipped Gozag.
Gozag was most pleased with you.
You were not hungry.

You visited 1 branch of the dungeon, and saw 8 of its levels.

You collected 1213 gold pieces.

Inventory:

Hand Weapons
 a - a +0 hand axe (weapon)
Missiles
 x - 2 throwing nets (quivered)
Armour
 b - a +0 pair of boots (worn)
   (You found it on level 3 of the Dungeon)
 v - a +0 chain mail (worn)
   (You found it on level 2 of the Dungeon)
 y - a +2 pair of gloves (worn)
   (You found it on level 5 of the Dungeon)
Jewellery
 f - a ring of protection from fire (right hand)
   (You found it on level 1 of the Dungeon)
 D - an uncursed ring of fire
   (You found it on level 7 of the Dungeon)
Wands
 j - a wand of paralysis (10)
   (You found it on level 5 of the Dungeon)
Scrolls
 d - 2 scrolls of fog
 g - a scroll of fear
 i - 2 scrolls of enchant weapon
 m - a scroll of magic mapping
 t - 6 scrolls of teleportation
 w - 4 scrolls of remove curse
 z - a scroll of blinking
Potions
 h - 2 potions of haste
 l - 3 potions of flight
 n - a potion of resistance
 o - 2 potions of lignification
 s - 2 potions of agility
 u - 3 potions of heal wounds
 A - a potion of cancellation
 C - a potion of brilliance
Comestibles
 e - 6 rations


   Skills:
 + Level 9.2 Fighting
 * Level 12.2 Axes
 + Level 8.3 Armour
 - Level 3.3 Dodging
 - Level 1.5 Stealth
 + Level 1.6 Evocations


You had 8 spell levels left.
You didn't know any spells.
Your spell library was empty.

Dungeon Overview and Level Annotations

Branches:
Dungeon (8/15)             Temple (0/1) D:5
   Lair: D:8-11

Altars:
Ashenzari
Dithmenos
Gozag
Okawaru
Qazlal
Sif Muna
Trog
Xom
Beogh

Annotations:
D:5 3 runed translucent doors, Sassenached's ghost, amateur OgFE


Innate Abilities, Weirdness & Mutations

You reflexively headbutt those who attack you in melee.
You have a pair of horns on your head.


Message History

The electric eel shoots out a bolt of lightning at you!
The bolt of electricity hits you!
The electric eel shoots out a bolt of lightning at you!
The bolt of electricity hits you.
* * * LOW HITPOINT WARNING * * *
You see here 5 gold pieces.
The electric eel shoots out a bolt of lightning at you!
The bolt of electricity hits you.
* * * LOW HITPOINT WARNING * * *
The electric eel shoots out a bolt of lightning at you!
The bolt of electricity hits you!
* * * LOW HITPOINT WARNING * * *
You are too injured to fight recklessly!
The electric eel shoots out a bolt of lightning at you!
The bolt of electricity hits you.
* * * LOW HITPOINT WARNING * * *
The electric eel shoots out a bolt of lightning at you!
The bolt of electricity hits you!
You die...
Your body crumbles into a pile of gold.

#.###......#.#.....#
#.#
...#.####....###.###
#.# .....## #..#.#
#.# #.#
....#)###..#.# #.#
#.######
...###)##).#.# #.#
#....... ..##
##)#..#.# #.#
########
...###.......# #.#
.)..#.###..#####.#
...............#@#
...###########.#.##
#### ..###.....##
≈≈.....$....#
≈≈≈.....(≈..#
≈≈≈≈;..;....#
≈≈≈≈≈.≈.....#
≈≈≈;.≈≈≈≈.....
≈≈≈.≈≈≈≈≈≈.....


You could see 2 electric eels.

Vanquished Creatures
  A two-headed ogre (D:8)
  A troll (D:8)
  A water moccasin (D:5)
  An orc warrior (D:8)
  A phantom (D:7)
  2 sky beasts
  2 ice beasts
  5 ogres
  2 centaurs
  2 wolves (D:8)
  3 bullfrogs
  3 killer bees (D:8)
  2 howler monkeys (D:7)
  5 crimson imps
  3 orc priests
  6 hounds
  A bullfrog skeleton (D:8)
  A centaur skeleton (D:7)
  3 jellies
  6 orc wizards
  A worker ant (D:5)
  2 iguanas (D:5)
  A killer bee zombie (D:8)
  2 hound skeletons
  A worker ant zombie (D:6)
  A howler monkey skeleton (D:8)
  10 adders
  3 gnolls (D:8)
  3 shadow imps
  2 oozes
  5 worms
  A dart slug (D:1)
  9 leopard geckos
  32 orcs
  11 giant cockroaches
  2 goblins
  8 hobgoblins
  6 jackals
  7 kobolds
  3 quokkas
  3 ball pythons
  14 bats
  8 frilled lizards
  A leopard gecko skeleton (D:5)
  10 rats
197 creatures vanquished.

Vanquished Creatures (others)
  A scorpion (D:6)
  An iguana (D:6)
  An adder (D:6)
  A worm (D:6)
4 creatures vanquished.

Grand Total: 201 creatures vanquished

Notes
Turn   | Place    | Note
-------+----------+-------------------------------------------
     0 | D:1      | Flugslaktarn the Minotaur Monk began the quest for the Orb.
     0 | D:1      | Reached XP level 1. HP: 19/19 MP: 0/0
   107 | D:1      | Reached skill level 4 in Axes
   238 | D:1      | Found a shattered altar of Ashenzari.
   253 | D:1      | Reached XP level 2. HP: 27/27 MP: 1/1
   278 | D:1      | Reached skill level 1 in Armour
   877 | D:2      | Reached XP level 3. HP: 31/33 MP: 2/2
  1778 | D:2      | Reached skill level 5 in Axes
  1778 | D:2      | Reached XP level 4. HP: 29/40 MP: 3/3
  2557 | D:3      | Reached XP level 5. HP: 35/47 MP: 4/4
  2709 | D:3      | Found an opulent altar of Gozag.
  2904 | D:3      | Became a worshipper of Gozag Ym Sagoz the Greedy
  3320 | D:4      | Reached skill level 6 in Axes
  3335 | D:4      | Noticed an ogre
  3343 | D:4      | Killed an ogre
  3343 | D:4      | Reached skill level 5 in Fighting
  3343 | D:4      | Reached XP level 6. HP: 56/56 MP: 5/5
  3688 | D:5      | Entered Level 5 of the Dungeon
  3688 | D:5      | Found a runed translucent gate.
  3688 | D:5      | Found a runed translucent gate.
  3688 | D:5      | Identified the +4 scale mail of Lies {Dex+3}
  3689 | D:5      | Found a roughly hewn altar of Beogh.
  3689 | D:5      | Found a runed translucent gate.
  3691 | D:5      | Noticed Sassenached's ghost (amateur OgFE)
  3879 | D:5      | Noticed a water moccasin
  3891 | D:5      | Killed a water moccasin
  3891 | D:5      | Reached skill level 7 in Axes
  4064 | D:5      | Noticed a sky beast
  4109 | D:4      | Killed a sky beast
  4109 | D:4      | Reached XP level 7. HP: 15/62 MP: 6/6
  4406 | D:5      | Found a staircase to the Ecumenical Temple.
  4412 | D:5      | Found a shimmering blue altar of Sif Muna.
  4433 | D:5      | Reached skill level 8 in Axes
  4473 | D:5      | Found a stormy altar of Qazlal.
  4617 | D:5      | Reached skill level 5 in Armour
  4711 | D:5      | Found a shimmering altar of Xom.
  5059 | D:6      | Found a shadowy altar of Dithmenos.
  5077 | D:6      | Found a shimmering altar of Xom.
  5119 | D:6      | Reached XP level 8. HP: 67/71 MP: 7/7
  5163 | D:6      | Found a bloodstained altar of Trog.
  5376 | D:6      | Reached skill level 9 in Axes
  6625 | D:7      | Reached skill level 10 in Axes
  7375 | D:8      | Reached XP level 9. HP: 81/81 MP: 8/8
  7379 | D:8      | Noticed a two-headed ogre
  7396 | D:8      | Killed a two-headed ogre
  7396 | D:8      | Reached skill level 11 in Axes
  7807 | D:8      | Noticed a troll
  8109 | D:8      | Killed a troll
  8115 | D:8      | Reached skill level 1 in Evocations
  8299 | D:8      | Reached skill level 12 in Axes
  8585 | D:8      | Found an iron altar of Okawaru.
  9005 | D:8      | Killed from afar by an electric eel

Levels and vault maps discovered:
D:1:      psy_arrival_dodecagon, layout_loops_ring, evilmike_ruin_ashenzari
D:2:      layout_loops_ring, first_ration
D:3:      layout_loops_ring, lemuel_round_altar
D:4:      layout_rooms
D:5:      layout_rooms, kennysheep_mini_moat, lemuel_crystal_altar,
          nicolae_overflow_crystal_walls, minmay_temple_entry_mist,
          biasface_ghost_orc_armoury
D:6:      layout_gridville, old_standard_altar, grunt_dithmenos_smoke,
          xom_confusion_cloud
D:7:      layout_basic, kennysheep_generic_room_15
D:8:      layout_loops_ring, old_standard_altar, erik_lair_island

Skill      XL: |  1  2  3  4  5  6  7  8  9 |
---------------+----------------------------+-----
Axes           | 4 5 6 7 8 10 12 | 12.2
Armour         | 1 2 3 4 5 6 8 |  8.3
Fighting       | 4 5 6 7 9 |  9.2
Evocations     | 1 |  1.6
Dodging        | |  3.3
Stealth        | |  1.5

Action                   |  1- 3 |  4- 6 |  7- 9 || total
-------------------------+-------+-------+-------++-------
Melee: Hand axe          |   104 |   160 |   525 ||   789
       Headbutt          |    20 |    33 |    97 ||   150
Evoke: Wand              |       |       |     1 ||     1
  Use: Potion            |       |     1 |     1 ||     2
       Scroll            |       |       |    20 ||    20
 Stab: Sleeping          |     7 |       |       ||     7
       Distracted        |       |       |     1 ||     1
  Eat: Chunk             |     3 |     4 |       ||     7
       Ration            |       |     1 |     5 ||     6
Armor: Robe              |    19 |     5 |       ||    24
       Chain mail        |       |    63 |   256 ||   319
Dodge: Dodged            |    78 |    75 |   167 ||   320
